 Dungeon Crawl Stone Soup version 0.29.1-15-g9cfb28693d (webtiles) character file.

Game seed: 879061135640751576

85 croobank the Caller (level 4, -1/35 HPs)
             Began as a Demigod Summoner on Mar 7, 2023.
             Slain by a gnoll
             ... wielding a +0 whip
              (4 damage)
             ... on level 2 of the Dungeon.
             The game lasted 00:07:29 (1991 turns).

croobank the Caller (Demigod Summoner)              Turns: 1991, Time: 00:07:29

Health: -1/35      AC:  2    Str:  9    XL:     4   Next: 5%
Magic:  1/10       EV: 12    Int: 21    God:
Gold:   32         SH:  0    Dex: 14    Spells: 1/7 levels left

rFire   . . .      SeeInvis .   (no weapon)
rCold   . . .      Faith    .   (no shield)
rNeg    . . .      Spirit   .   a - +0 robe
rPois   .          Reflect  .   (no helmet)
rElec   .          Harm     .   (no cloak)
rCorr   .          Rampage  .   (no gloves)
Will    .....                   (no boots)
Stlth   ++........              (no amulet)
HPRegen 0.11/turn               (no ring)
MPRegen 0.12/turn               (no ring)

@: no status effects
A: high MP 1, forlorn, divine attributes
a: no special abilities


You were on level 2 of the Dungeon.
You visited 1 branch of the dungeon, and saw 2 of its levels.

You collected 32 gold pieces.

Inventory:

Armour
 a - a +0 robe (worn)
Jewellery
 h - a ring of see invisible


   Skills:
 * Level 1.1 Fighting
 + Level 2.4 Dodging
 + Level 2.5 Stealth
 + Level 2.3 Spellcasting
 + Level 4.0 Summonings


You had one spell level left.
You knew the following spells:

 Your Spells              Type           Power      Damage    Failure   Level
a - Summon Small Mammal   Summ           76%        N/A       2%          1
b - Call Imp              Summ           19%        N/A       4%          2
c - Call Canine Familiar  Summ           19%        N/A       9%          3

Your spell library contained the following spells:

 Spells                   Type           Power      Damage    Failure   Level
 Summon Guardian Golem    Hex/Summ       10%        N/A       19%         3
 Blink                    Tloc           4%         N/A       22%         2
 Lesser Beckoning         Tloc           2%         N/A       38%         3
 Summon Lightning Spire   Summ/Air       10%        N/A       52%         4
 Manifold Assault         Tloc           2%         N/A       98%         5


Dungeon Overview and Level Annotations

Branches:
Dungeon (2/15)


Innate Abilities, Weirdness & Mutations

You have an increased reservoir of magic. (+10% MP)
You shall have no god before yourself.
Your divine heritage dramatically boosts your attributes as you level up.


Message History

The gnoll closely misses you. x2; The gnoll misses you.
You hit the gnoll but do no damage.
The gnoll is severely wounded.
Your quokka completely misses the gnoll.
The gnoll hits you with a +0 whip. The gnoll hits you but does no damage.
The gnoll hits you with a +0 whip!
Casting: Call Canine Familiar (quite dangerous; 9% risk of failure)
Confirm with . or Enter, or press ? or * to list all spells.
Your quokka bites the gnoll.
The gnoll dies!
The gnoll misses you. The gnoll hits you with a +0 whip.
* * * LOW HITPOINT WARNING * * *
You have reached level 4!
Your quokka misses the gnoll.
Your quokka barely misses the gnoll.
The gnoll hits you with a +0 whip.
* * * LOW HITPOINT WARNING * * *
The gnoll barely misses you.
Items here: $ ( ) ?.
You swap places.
Your quokka barely misses the gnoll.
Your quokka bites the gnoll.
The gnoll hits you with a +0 whip.
* * * LOW HITPOINT WARNING * * *
Your quokka barely misses the gnoll.
The gnoll barely misses you.
Your crimson imp hits the gnoll.
Your quokka bites the gnoll. x2; The gnoll closely misses your quokka.
Your crimson imp barely misses the gnoll.
Things that are here:
a +0 club; an adder corpse Your quokka barely misses the gnoll.
Your quokka bites the gnoll but does no damage.
The gnoll misses your quokka.
Your quokka closely misses the gnoll.
The gnoll hits your quokka with a +0 whip.
Your quokka dies!
Your quokka's corpse disappears in a puff of smoke!
Your crimson imp barely misses the gnoll.
You aren't carrying any scrolls.
You hit the gnoll.
The gnoll is severely wounded.
The gnoll hits you with a +0 whip.
You die...

*,,,,,,,,,.......<...#..$....#
*,,,,,,,,,.....S.###.#.......#
*,,,,,,,,,...##+#* #.#.......#
**********##.#*.# #.+.......#
#.##.# ###.......#
#....######.......#
#....##.....†......
#.....'............
#.@.###............
#.g)(....†.........
#)5r#######........ #g..#
**......... #.).# *..####..##
#...#***#.#***,...#
#...#*,,..,,,,,,..#
#####*,###,***,*,.#
*,,,***,,,*,,*


You could see 2 gnolls, a friendly crimson imp (summoned) and a friendly quokka
(summoned).

Vanquished Creatures
  A hobgoblin (D:2)
1 creature vanquished.

Vanquished Creatures (collateral kills)
  2 gnolls (D:2)
  3 adders (D:2)
  4 dart slugs
  2 bats
  2 goblins (D:1)
  6 hobgoblins
  4 jackals (D:1)
  A quokka (D:1)
  A ball python (D:2)
  A frilled lizard (D:1)
  3 kobolds
  2 rats (D:1)
31 creatures vanquished.

Vanquished Creatures (others)
  A plant (D:1)
1 creature vanquished.

Grand Total: 33 creatures vanquished

Notes
Turn   | Place    | Note
-------+----------+-------------------------------------------
     0 | D:1      | croobank the Demigod Summoner began the quest for the Orb.
     0 | D:1      | Reached XP level 1. HP: 14/14 MP: 5/5
   574 | D:1      | Reached XP level 2. HP: 20/20 MP: 5/7
  1154 | D:1      | Learned a level 2 spell: Call Imp
  1848 | D:2      | Reached XP level 3. HP: 19/26 MP: 3/8
  1895 | D:2      | Learned a level 3 spell: Call Canine Familiar
  1982 | D:2      | Reached skill level 1 in Fighting
  1982 | D:2      | Reached skill level 4 in Summonings
  1986 | D:2      | Reached XP level 4. HP: 10/35 MP: 0/10
  1991 | D:2      | Slain by a gnoll

Illustrated notes

Levels and vault maps discovered:
D:1:      spicycebolla_green_bress_n_ham_2, layout_basic,
          hellmonk_ecumenical_altar_inner_sanctum, minmay_hedge_maze,
          serial_bayou_crossing
D:2:      layout_basic, minmay_misc_feat_room, minmay_indecisive_spiral,
          uniq_terence

Skill      XL: |  1  2  3 |
---------------+----------+-----
Dodging        | 2 |  2.4
Stealth        | 2 |  2.5
Spellcasting   | 2 |  2.3
Fighting       | 1 |  1.1
Summonings     | 4 |  4.0

Action                   |  1- 3 |  4- 6 || total
-------------------------+-------+-------++-------
Melee: Unarmed           |    47 |     1 ||    48
Throw: Dart              |     2 |       ||     2
 Cast: Summon Small Mamm |    50 |       ||    50
       Call Imp          |     7 |       ||     7
       Call Canine Famil |     2 |       ||     2
  Use: Potion            |     4 |       ||     4
       Scroll            |     1 |       ||     1
Armor: Robe              |    10 |       ||    10
Dodge: Dodged            |    56 |     2 ||    58
